 Dungeon Crawl Stone Soup version 0.28-a0-1555-g9ae15a6949 (webtiles) character file.

Game seed: 9089578636558558651

2721 gruber the Destroyer (level 9, -8/71 HPs)
             Began as a Grey Draconian Conjurer on Jan 18, 2022.
             Was a Believer of Vehumet.
             Mangled by a white ugly thing (25 damage)
             ... on level 7 of the Dungeon.
             The game lasted 00:12:26 (9486 turns).

gruber the Destroyer (Grey Draconian Conjurer)      Turns: 9486, Time: 00:12:27

Health: -8/71      AC: 15    Str:  9    XL:     9   Next: 39%
Magic:  3/18       EV: 16    Int: 23    God:    Vehumet [**....]
Gold:   133        SH:  0    Dex: 10    Spells: 8/20 levels left

rFire   + . .      SeeInvis .   A - +0 short sword (protect)
rCold   . . .      Faith    .   (no shield)
rNeg    . . .      Spirit   .   (armour unavailable)
rPois   .          Reflect  .   (helmet restricted)
rElec   .          Harm     .   l - scarf {repulsion}
rCorr   .          Rampage  .   p - +1 pair of gloves
Will    .....                   s - +0 pair of boots
Stlth   ++........              (no amulet)
HPRegen 0.21/turn               d - ring of protection from fire
MPRegen 0.16/turn               x - +4 ring of evasion

@: slowed, repel missiles, very slow
A: AC +12, amphibious, unfitting armour, cold-blooded
a: Renounce Religion


You were on level 7 of the Dungeon.
You worshipped Vehumet.
Vehumet was pleased with you.
You visited 1 branch of the dungeon, and saw 8 of its levels.

You collected 325 gold pieces.
You spent 192 gold pieces at shops.

Inventory:

Hand Weapons
 A - a +0 short sword of protection (weapon)
Missiles
 h - 17 poisoned darts
Armour
 l - a scarf of repulsion (worn)
 p - a +1 pair of gloves (worn)
 r - a +0 buckler
 s - a +0 pair of boots (worn)
Jewellery
 d - a ring of protection from fire (left hand)
 x - a +4 ring of evasion (right hand)
 y - a ring of fire
Wands
 z - a wand of acid (4)
Scrolls
 b - 6 scrolls of identify {unknown}
 e - 2 scrolls of fear {unknown}
 g - 3 scrolls of fog {unknown}
 n - 4 scrolls of teleportation {unknown}
 o - a scroll of silence {unknown}
 t - a scroll of noise {unknown}
 u - a scroll of immolation {unknown}
 w - a scroll of brand weapon {unknown}
Potions
 a - 3 potions of curing {unknown}
 c - 3 potions of degeneration {unknown}
 f - a potion of cancellation {unknown}
 i - 2 potions of berserk rage {unknown}
 j - a potion of attraction {unknown}
 k - 2 potions of heal wounds {unknown}
 m - a potion of flight {unknown}
 q - a potion of might {unknown}
 v - a potion of brilliance {unknown}


   Skills:
 - Level 4.2 Fighting
 - Level 0.2 Long Blades
 - Level 0.2(0.3) Polearms
 - Level 2.2 Dodging
 - Level 1.7 Stealth
 - Level 6.0 Spellcasting
 - Level 11.0 Conjurations
 - Level 0.3 Summonings
 - Level 0.1 Earth Magic
 - Level 0.1 Poison Magic
 - Level 0.1 Invocations


You had 8 spell levels left.
You knew the following spells:

 Your Spells              Type           Power      Damage    Failure   Level
a - Magic Dart            Conj           100%       1d8       1%          1
b - Searing Ray           Conj           100%       2d8       1%          2
c - Blink                 Tloc           14%        N/A       13%         2
d - Dazzling Flash        Conj/Hex       64%        N/A       2%          3
e - Fulminant Prism       Conj/Hex       16%        3d11      9%          4

Your spell library contained the following spells:

 Spells                   Type           Power      Damage    Failure   Level
 Static Discharge         Conj/Air       32%        N/A       1%          2
 Mephitic Cloud           Conj/Pois/Air  24%        N/A       5%          3
 Freeze                   Ice            28%        1d5       9%          1
 Hailstorm                Conj/Ice       32%        3d8       9%          4
 Iskenderun's Mystic Bla  Conj/Tloc      32%        2d8       9%          4
 Call Imp                 Summ           8%         N/A       11%         2
 Frozen Ramparts          Ice            14%        1d3       26%         3
 Lesser Beckoning         Tloc           7%         N/A       26%         3
 Manifold Assault         Tloc           7%         N/A       93%         5


Dungeon Overview and Level Annotations

Branches:
Dungeon (8/15)             Temple (0/1) D:6
   Lair: D:8-11

Altars:
Ashenzari
Cheibriados
Fedhas
Kikubaaqudgha
Ru
Vehumet
Wu Jian
The Shining One

Shops:
D:4 *   D:7 :


Innate Abilities, Weirdness & Mutations

Your dull iron-grey scales are very hard. (AC +12)
You are amphibious.
You cannot fit into any form of body armour.
You are cold-blooded and may be slowed by cold attacks.


Message History

Your magical contamination has completely faded away.
The white ugly thing kicks you! The white ugly thing freezes you!!
* * * LOW HITPOINT WARNING * * *
Casting: Dazzling Flash (mildly dangerous; 2% risk of failure)
Confirm with . or Enter, or press ? or * to list all spells.
Casting: Dazzling Flash (mildly dangerous; 2% risk of failure)
Press: ? - help, Dir - look around, f - activate The white ugly thing closely misses you.
Unknown command.
Unknown command.
Unknown command.
Casting: Dazzling Flash (mildly dangerous; 2% risk of failure)
Confirm with . or Enter, or press ? or * to list all spells.
Casting: Dazzling Flash (mildly dangerous; 2% risk of failure)
Press: ? - help, Dir - look around, f - activate The white ugly thing is dazzled.
The white ugly thing kicks you but does no damage.
Unknown command.
Unknown command.
Unknown command.
Unknown command.
The white ugly thing is no longer blind.
The white ugly thing barely misses you.
Aiming: Corrosive Bolt
Press: ? - help, Shift-Dir - straight line, f - white ugly thing
Aim: a white ugly thing (lightly wounded, 71% to hit)
The bolt of acid hits the white ugly thing!
The acid corrodes the white ugly thing!
The white ugly thing is moderately wounded.
The white ugly thing kicks you but does no damage.
Unknown command.
Aiming: Corrosive Bolt
Press: ? - help, Shift-Dir - straight line, f/p - white ugly thing
Aim: a white ugly thing (moderately wounded, covered in acid, 71% to hit)
The bolt of acid hits the white ugly thing!!
The white ugly thing is heavily wounded.
The white ugly thing kicks you.
* * * LOW HITPOINT WARNING * * *
The white ugly thing freezes you!!
You feel yourself slow down.
You die...

#..# #...##..........###...
##..# ##...................[.
###..## ##.............###......
.....# ##.......#..##..# ##.....
.....####........#####..# #.....
####............## #..# ##.....
#...............# #..###....##
................######..##....##
....##..........@u............#
..######..................#...#
.## ##..............#####..###
.# #..............## #..... ##
##........).#...####....# .#
##(........####...#..#### .##
#[[.....#...# ##.....# ..##
####)#######...## ###..##
...###....## #....## ##.#


You could see a white ugly thing (corroded).

Vanquished Creatures
  Grinder (D:4)
  Sigmund (D:6)
  A shadow (D:7)
  3 sky beasts
  An orc warrior (D:7)
  A centaur (D:5)
  A necrophage (D:7)
  2 phantoms
  3 kobold brigands (D:6)
  2 scorpions
  5 killer bees (D:7)
  3 wights (D:6)
  3 lava snakes (D:7)
  2 jellies (D:6)
  5 orc priests
  2 bullfrog skeletons (D:5)
  A centaur skeleton (D:6)
  A hound (D:6)
  5 orc wizards
  4 gnolls (D:6)
  3 adders
  A howler monkey skeleton (D:5)
  A shadow imp (D:3)
  4 white imps
  2 ufetubi
  An adder skeleton (D:4)
  4 worms
  2 dart slugs
  39 orcs
  4 bats
  9 endoplasms
  A giant cockroach (D:1)
  11 goblins
  5 hobgoblins
  A jackal (D:3)
  11 kobolds
  6 quokkas
  8 ball pythons
  7 frilled lizards
  4 rats
171 creatures vanquished.

Vanquished Creatures (others)
  A fulminant prism (D:8)
  10 toadstools (D:6)
11 creatures vanquished.

Grand Total: 182 creatures vanquished

Notes
Turn   | Place    | Note
-------+----------+-------------------------------------------
     0 | D:1      | gruber the Draconian Conjurer began the quest for the Orb.
     0 | D:1      | Reached XP level 1. HP: 14/14 MP: 3/3
   164 | D:1      | Found a faded altar of an unknown god.
   352 | D:1      | Reached XP level 2. HP: 13/20 MP: 0/5
  1152 | D:1      | Learned a level 2 spell: Searing Ray
  1328 | D:2      | Reached skill level 5 in Conjurations
  1328 | D:2      | Reached XP level 3. HP: 26/26 MP: 0/6
  1584 | D:2      | Reached XP level 4. HP: 24/33 MP: 0/8
  2571 | D:3      | Found a snail-covered altar of Cheibriados.
  2573 | D:3      | Found a sacrificial altar of Ru.
  2575 | D:3      | Found an ancient bone altar of Kikubaaqudgha.
  3091 | D:3      | Found an ornate altar of the Wu Jian Council.
  3197 | D:3      | Reached XP level 5. HP: 38/38 MP: 7/10
  3458 | D:3      | Found a glowing golden altar of the Shining One.
  3576 | D:3      | Found a broken altar of Ashenzari.
  3578 | D:3      | Found a radiant altar of Vehumet.
  4050 | D:4      | Found Qaddiun's Assorted Antiques.
  4057 | D:4      | Noticed a sky beast
  4066 | D:4      | Killed a sky beast
  4067 | D:4      | Reached skill level 6 in Conjurations
  4067 | D:4      | Reached XP level 6. HP: 36/45 MP: 3/12
  4692 | D:4      | Found a blossoming altar of Fedhas.
  4755 | D:4      | Noticed Grinder
  4763 | D:4      | Killed Grinder
  4764 | D:4      | Reached skill level 7 in Conjurations
  4980 | D:3      | Became a worshipper of Vehumet
  5010 | D:5      | Entered Level 5 of the Dungeon
  5262 | D:5      | Your scales start taking on a dull iron-grey colour.
  5262 | D:5      | Reached XP level 7. HP: 45/50 MP: 4/13
  5338 | D:5      | Reached skill level 8 in Conjurations
  6381 | D:6      | Reached XP level 8. HP: 66/66 MP: 8/14
  6595 | D:6      | Reached * piety under Vehumet
  6595 | D:6      | Offered knowledge of Shock by Vehumet.
  6713 | D:6      | Reached skill level 9 in Conjurations
  6920 | D:6      | Found a staircase to the Ecumenical Temple.
  7214 | D:6      | Noticed Sigmund
  7218 | D:6      | Killed Sigmund
  7219 | D:6      | Reached skill level 10 in Conjurations
  7545 | D:6      | Noticed a slime creature
  7545 | D:6      | Noticed a slime creature
  7620 | D:7      | Found Kumnamn's Book Shop.
  7635 | D:7      | Identified the +6 fustibalus of Bomimetoc {vorpal, *Slow
                  | rC+ rN+ Will+ Dex+3}
  7707 | D:4      | Bought a dazzling short sword for 192 gold pieces
  7707 | D:4      | Identified the +6 short sword of Destiny {antimagic, Int+3}
                  | (You bought it in a shop on level 4 of the Dungeon)
  7816 | D:7      | Reached XP level 9. HP: 48/71 MP: 8/15
  7822 | D:7      | Reached skill level 11 in Conjurations
  8320 | D:7      | Reached skill level 5 in Spellcasting
  8975 | D:7      | Offered knowledge of Static Discharge by Vehumet.
  8977 | D:7      | Reached ** piety under Vehumet
  8984 | D:7      | Learned a level 2 spell: Blink
  8988 | D:7      | Learned a level 3 spell: Dazzling Flash
  8993 | D:7      | Learned a level 4 spell: Fulminant Prism
  9404 | D:8      | Noticed a white ugly thing
  9486 | D:7      | Mangled by a white ugly thing

Illustrated notes

Levels and vault maps discovered:
D:1:      minmay_arrival_four_houses, layout_basic,
          hellmonk_ecumenical_altar_slurped_away
D:2:      layout_rooms, minivault_14, minmay_quantized
D:3:      minmay_chambers_of_threes, layout_basic,
          nicolae_wu_jian_immortal_techniques, tso_oasis_becter,
          nicolae_overflow_hidden_temple, serial_glass, glass_columns_c,
          glass_columns_a, glass_columns_c, glass_columns_c, glass_columns_b,
          glass_columns_b, glass_columns_a, glass_columns_a, glass_columns_c,
          glass_columns_a, glass_columns_a, glass_columns_a, glass_columns_a,
          glass_columns_b
D:4:      layout_basic, fedhas_altar_4, serial_shops, shop, grunt_ministairs_14,
          uniq_grinder
D:5:      layout_cave_pods
D:6:      cheibrodos_fertilizer, layout_basic, minmay_temple_entry_glassed_door,
          uniq_sigmund
D:7:      layout_layer_cave, serial_shops, nicolae_lakefront_shop,
          kennysheep_big_empty_room
D:8:      layout_loops_cross, mainiacjoe_overflow_24_doors,
          mainiacjoe_overflow_surrounded_room, mainiacjoe_overflow_paths

Skill      XL: |  1  2  3  4  5  6  7  8  9 |
---------------+----------------------------+-----
Conjurations   | 5 6 7 8 10 11 | 11.0
Spellcasting   | 3 4 6 |  6.0
Dodging        | 2 |  2.2
Fighting       | 4 |  4.2
Long Blades    | |  0.2
Polearms       | |  0.2
Stealth        | |  1.7
Summonings     | |  0.3
Earth Magic    | |  0.1
Poison Magic   | |  0.1
Invocations    | |  0.1

Action                   |  1- 3 |  4- 6 |  7- 9 || total
-------------------------+-------+-------+-------++-------
Melee: Unarmed           |     5 |     3 |    36 ||    44
       Tailslap          |       |       |     3 ||     3
       Punch             |       |       |     1 ||     1
 Cast: Magic Dart        |    57 |    86 |    38 ||   181
       Searing Ray       |     3 |    17 |    53 ||    73
       Dazzling Flash    |       |       |     3 ||     3
       Fulminant Prism   |       |       |     1 ||     1
Evoke: Wand              |       |       |     2 ||     2
Armor: Skin              |     1 |     9 |    54 ||    64
Dodge: Dodged            |     4 |    28 |    68 ||   100
       Repelled          |       |     1 |     5 ||     6

Table legend: (Time is in decaauts)
 A = Elapsed time spent in this place.
 B = Non-inter-level travel time spent in this place.
 C = Inter-level travel time spent in this place.
 D = Time resting spent in this place.
 E = Time spent auto-exploring this place.
 F = Levels seen in this place.
 G = Mean time per level.
                   A        B        C        D        E       F      G
               +--------+--------+--------+--------+--------+-----+--------+
         Total |   9498 |   9012 |    486 |    162 |   7730 |   8 | 1187.2 |
       Dungeon |   9498 |   9012 |    486 |    162 |   7730 |   8 | 1187.2 |
               +--------+--------+--------+--------+--------+-----+--------+

Top non-repeatable levels by time:
     D:7: 1776 daAuts
     D:3: 1366 daAuts
     D:2: 1354 daAuts
     D:6: 1351 daAuts
     D:5: 1299 daAuts
     D:1: 1189 daAuts
     D:4: 1144 daAuts
     D:8: 16 daAuts
